 Dungeon Crawl Stone Soup version 0.18-a0-1655-ge2d8d33 (webtiles) character file.

28 dohliylev the Sneak (level 2, -9/19 HPs)
             Began as a Vampire Enchanter on Mar 30, 2016.
             Was an Initiate of Dithmenos.
             Mangled by Sigmund
             ... wielding a +0 scythe
              (11 damage)
             ... on level 2 of the Dungeon.
             The game lasted 00:03:55 (1747 turns).

dohliylev the Sneak (Vampire Enchanter)             Turns: 1747, Time: 00:03:55

Health: -9/19      AC:  4    Str:  7    XL:     2   Next: 96%
Magic:  2/5        EV: 13    Int: 17    God:    Dithmenos [......]
Gold:   54         SH:  0    Dex: 14    Spells: 2 memorised, 2 levels left

rFire  . . .     SeeInvis +     a - +1 dagger
rCold  + . .     Gourm    .     b - +1 robe
rNeg   + + .     Faith    .     (no shield)
rPois  +         Spirit   .     (no helmet)
rElec  .         Dismiss  .     (no cloak)
rCorr  .         Reflect  .     k - +0 pair of gloves (curse)
SustAt .         Harm     .     (no boots)
MR     .....                    (no amulet)
Stlth  +.........               (no ring)
                                (no ring)

@: confused, regenerating slowly, not resistant to hostile enchantments, very
unstealthy
A: fangs 3, see invisible, unbreathing
a: Renounce Religion


You were on level 2 of the Dungeon.
You worshipped Dithmenos.
Dithmenos was noncommittal.
You were very thirsty.

You visited 1 branch of the dungeon, and saw 2 of its levels.

You collected 54 gold pieces.

Inventory:

Hand Weapons
 a - a +1 dagger (weapon)
 u - a +1 dagger of venom
Missiles
 r - 9 poisoned needles
Armour
 b - a +1 robe (worn)
 k - a cursed +0 pair of gloves (worn)
 m - a +2 pair of boots of running
 n - a cursed -1 pair of boots
 p - a +2 cloak
Scrolls
 e - a scroll of enchant weapon {unknown}
 i - 2 scrolls of amnesia {unknown}
 j - 3 scrolls of identify {unknown}
 l - 2 scrolls of remove curse {unknown}
 o - a scroll of fog {unknown}
 s - a scroll of noise {unknown}
 t - a scroll of teleportation {unknown}
Potions
 d - 5 potions of blood
 f - a potion of lignification {unknown}
 g - 2 potions of degeneration {unknown}
 h - a potion of invisibility {unknown}
 q - a potion of brilliance {unknown}
 v - a potion of haste {unknown}
Books
 c - a book of Maledictions

   Spells                             Type                      Level
   a - Corona                         Hexes                        1
   b - Ensorcelled Hibernation        Hexes/Ice                    2
   c - Confuse                        Hexes                        3
   d - Tukima's Dance                 Hexes                        3
   e - Dazzling Spray                 Conjuration/Hexes            3


   Skills:
 + Level 0.1 Fighting
 + Level 1.1 Short Blades
 + Level 2.8 Dodging
 + Level 5.3 Stealth
 + Level 2.1 Spellcasting
 + Level 4.5 Hexes
 + Level 0.2 Ice Magic


You had 2 spell levels left.
You knew the following spells:

 Your Spells              Type           Power        Failure   Level  Hunger
a - Corona                Hex            ###....      2%          1    #......
b - Ensorcelled Hibernat  Hex/Ice        #.....       14%         2    ###....


Dungeon Overview and Level Annotations

Branches:
Dungeon (2/15)

Altars:
Dithmenos

Annotations:
D:2 Sigmund


Innate Abilities, Weirdness & Mutations

You heal slowly.
You have razor-sharp teeth.
You have supernaturally acute eyesight.
You can survive without breathing.


Message History

Aiming: Corona
Press: ? - help, Shift-Dir - straight line, f - Sigmund
Aim: Sigmund, wielding a scythe and wearing a robe (severely wounded, chance to defeat MR: 63%) Sigmund is outlined in light.
You hit Sigmund.
Sigmund is severely wounded.
Sigmund closely misses you.
You hit Sigmund.
Sigmund is severely wounded.
You hit Sigmund but do no damage.
Sigmund is severely wounded.
Sigmund hits you with a scythe!
* * * LOW HITPOINT WARNING * * *
You hit Sigmund.
Sigmund is severely wounded.
Sigmund casts a spell at you.
You are confused.
You bump into the rock wall.
Sigmund hits you with a scythe!
Ouch! That really hurt!
You die...

.# ##........####
.# #............#
#.........##.#
#.........##.#
#........###.#
#<.......# #.#
.####........# #.#
............## #@#
.######.########@#
#..........#
############


You could see Sigmund.

Vanquished Creatures
  A giant gecko (D:2)
  A ball python (D:1)
  A giant cockroach (D:1)
  2 goblins (D:1)
  2 hobgoblins (D:1)
  4 jackals (D:1)
  2 kobolds
  7 bats
  3 rats (D:1)
23 creatures vanquished.

Notes
Turn   | Place    | Note
--------------------------------------------------------------
     0 | D:1      | dohliylev the Vampire Enchanter began the quest for the Orb.
     0 | D:1      | Reached XP level 1. HP: 13/13 MP: 3/3
   304 | D:1      | Reached XP level 2. HP: 7/19 MP: 5/5
   308 | D:1      | Learned a level 2 spell: Ensorcelled Hibernation
   359 | D:1      | Reached skill level 5 in Stealth
  1318 | D:2      | Found a shadowy altar of Dithmenos.
  1324 | D:2      | Became a worshipper of Dithmenos the Shadowed
  1729 | D:2      | Noticed Sigmund
  1747 | D:2      | Mangled by Sigmund

Vault maps used:
D:1:      lordsloth_arrival_two_stooges
D:2:      lemuel_round_altar, hangedman_abyss_or_decor_lesser_grid,
          hangedman_decor_riveting, uniq_robin, uniq_sigmund, uniq_iyjb

Skill      XL: |  1  2 |
---------------+-------+-----
Stealth        | 5 |  5.3
Fighting       | |  0.1
Short Blades   | |  1.1
Dodging        | |  2.8
Spellcasting   | |  2.1
Hexes          | |  4.5
Ice Magic      | |  0.2

Action                   || total
-------------------------++-------
Melee: Dagger            ||   102
 Cast: Ensorcelled Hiber ||     5
       Corona            ||     1
 Stab: Sleeping          ||     8
  Eat: Corpse            ||     1
